 Dungeon Crawl Stone Soup version 0.21.1-1-g345015f (webtiles) character file.

107 rgaf the Chopper (level 4, -6/54 HPs)
             Began as a Barachi Berserker on June 14, 2018.
             Was a Believer of Trog.
             Killed from afar by an orc wizard (10 damage)
             ... with a magic dart
             ... on level 3 of the Dungeon.
             The game lasted 00:02:48 (2749 turns).

rgaf the Chopper (Barachi Berserker)                Turns: 2749, Time: 00:02:49

Health: -6/54      AC:  5    Str: 24    XL:     4   Next: 86%
Magic:  4/4        EV: 11    Int:  8    God:    Trog [**....]
Gold:   72         SH:  0    Dex: 11    Spells: 3/3 levels left

rFire    . . .     SeeInvis .   k - +0 battleaxe
rCold    . . .     Gourm    .   (shield currently unavailable)
rNeg     . . .     Faith    .   o - +0 ring mail
rPois    .         Spirit   .   (no helmet)
rElec    .         Reflect  .   (no cloak)
rCorr    .         Harm     .   (no gloves)
MR       .....                  (no boots)
Stlth    ..........             (no amulet)
HPRegen  0.18/turn              (no ring)
MPRegen  0.09/turn              (no ring)

@: berserking, quick
A: +LOS, swims, slowness 1, strong legs 1
a: Hop, Berserk, Trog's Hand, Burn Spellbooks, Renounce Religion


You were on level 3 of the Dungeon.
You worshipped Trog.
Trog was pleased with you.
You were very hungry.

You visited 1 branch of the dungeon, and saw 3 of its levels.

You collected 72 gold pieces.

Inventory:

Hand Weapons
 a - a +0 hand axe
 k - a +0 battleaxe (weapon)
Missiles
 r - 2 throwing nets (quivered)
Armour
 b - a +0 animal skin
 o - a +0 ring mail (worn)
Jewellery
 e - a cursed -2 ring of dexterity {unknown}
Scrolls
 d - a scroll of enchant armour {unknown}
 f - a scroll of remove curse {unknown}
 h - a scroll of amnesia {unknown}
 i - 2 scrolls of teleportation {unknown}
 j - a scroll of noise {unknown}
 m - a scroll of identify {unknown}
 q - a scroll of immolation {unknown}
Potions
 g - a potion of degeneration {unknown}
 n - a potion of agility {unknown}
 p - a potion of mutation {unknown}
 s - a potion of brilliance {unknown}
Comestibles
 c - 5 rations
 l - 3 chunks of flesh


   Skills:
 - Level 3.6 Fighting
 + Level 6.0 Axes
 - Level 2.4 Armour
 - Level 2.1 Dodging


You had 3 spell levels left.
You didn't know any spells.

Dungeon Overview and Level Annotations

Branches:
Dungeon (3/15)

Altars:
Dithmenos
The Shining One

Annotations:
D:2 1 exclusion


Innate Abilities, Weirdness & Mutations

Shadows flee at your approach. (+LOS)
You can swim through water.
You cover ground slowly.
You can hop short distances.


Message History

You slash something!
You hear some strange, mumbled words.
A magic dart appears from out of thin air!
The magic dart hits you!
* * * LOW HITPOINT WARNING * * *
You hear some strange, mumbled words.
A puff of flame appears from out of thin air!
The puff of flame hits you!
* * * LOW HITPOINT WARNING * * *
A red film seems to cover your vision as you go berserk!
You feel yourself moving faster!
You feel mighty!
You are feeling very hungry.
Something hits you but does no damage.
You barely miss something. Something hits you but does no damage.
You barely miss something. Something hits you but does no damage.
You barely miss something.
You hear some strange, mumbled words.
A magic dart appears from out of thin air!
The magic dart hits you!
You die...

..#.# ###########.###
#.............# #####
#.######.#....####
.o....##.######.#........
..$...................###
.....##o######.........#
.. #{# ########..# #@#
##########..# #.#
#............ #.#
#............ #.#
#......_..... #.#
#...........) #.#
#.......^.... #.#
###########.. #+# #######
........


You could see an orc.

Vanquished Creatures
  4 adders
  2 oozes (D:2)
  3 leopard geckos
  4 orcs (D:3)
  2 ball pythons
  4 giant cockroaches
  9 goblins
  6 hobgoblins
  2 jackals (D:1)
  6 bats
  4 frilled lizards
  4 kobolds
  6 rats
56 creatures vanquished.

Notes
Turn   | Place    | Note
-------+----------+-------------------------------------------
     0 | D:1      | rgaf the Barachi Berserker began the quest for the Orb.
     0 | D:1      | Reached XP level 1. HP: 18/18 MP: 1/1
   227 | D:1      | Reached XP level 2. HP: 6/24 MP: 2/2
   270 | D:1      | Reached skill level 4 in Axes
  1112 | D:1      | Reached XP level 3. HP: 29/29 MP: 3/3
  1302 | D:2      | Noticed an ogre
  1700 | D:2      | Reached ** piety under Trog
  1785 | D:2      | Reached skill level 5 in Axes
  2010 | D:2      | Reached XP level 4. HP: 36/36 MP: 4/4
  2033 | D:2      | Found a shadowy altar of Dithmenos.
  2524 | D:3      | Found a glowing golden altar of the Shining One.
  2726 | D:3      | Reached skill level 6 in Axes
  2749 | D:3      | Killed from afar by an orc wizard

Skill      XL: |  1  2  3  4 |
---------------+-------------+-----
Axes           | 4 5 6 |  6.0
Fighting       | |  3.6
Armour         | |  2.4
Dodging        | |  2.1

Action                   |  1- 3 |  4- 6 || total
-------------------------+-------+-------++-------
Melee: Hand axe          |   120 |       ||   120
       Battleaxe         |     1 |    64 ||    65
Invok: Berserk           |     1 |     2 ||     3
  Eat: Chunk             |     5 |     3 ||     8
Armor: Animal skin       |    21 |     2 ||    23
       Ring mail         |       |    22 ||    22
Dodge: Dodged            |    93 |    32 ||   125
